 Dungeon Crawl Stone Soup version 0.26.1-2-gb8aa6d0cf2 (webtiles) character file.

Game seed: 9264660592745718325

1012 DasRunzen the Conjurer (level 7, -7/57 HPs)
             Began as a Demigod Conjurer on Feb 9, 2021.
             Mangled by an ogre
             ... wielding a +0 giant club
              (25 damage)
             ... on level 5 of the Dungeon.
             The game lasted 00:11:11 (4677 turns).

DasRunzen the Conjurer (Demigod Conjurer)           Turns: 4677, Time: 00:11:11

Health: -7/57      AC:  5    Str: 14    XL:     7   Next: 69%
Magic:  12/16      EV: 14    Int: 22    God:
Gold:   201        SH:  0    Dex: 14    Spells: 10/13 levels left

rFire    . . .     SeeInvis .   d - +1 spear
rCold    . . .     Faith    .   (no shield)
rNeg     . . .     Spirit   .   a - +0 robe
rPois    .         Reflect  .   (no helmet)
rElec    .         Harm     .   (no cloak)
rCorr    .         Rampage  .   (no gloves)
Will     .....                  i - +2 pair of boots
Stlth    ++........             (no amulet)
HPRegen  0.19/turn              (no ring)
MPRegen  0.15/turn              (no ring)

@: no status effects
A: high mp 1
a: no special abilities


You were on level 5 of the Dungeon.
You visited 1 branch of the dungeon, and saw 5 of its levels.

You collected 201 gold pieces.

Inventory:

Hand Weapons
 d - a +1 spear (weapon)
Armour
 a - a +0 robe (worn)
 i - a +2 pair of boots (worn)
Wands
 l - a wand of disintegration (17)
Scrolls
 h - 3 scrolls of amnesia
 j - a scroll of remove curse
 k - a scroll of fog
 m - 2 scrolls of teleportation
Potions
 b - a potion of berserk rage
 c - 4 potions of brilliance
 e - a potion of haste
 f - a potion of flight {unknown}
 n - a potion of invisibility {unknown}


   Skills:
 + Level 3.5 Fighting
 + Level 3.4 Armour
 + Level 4.1 Dodging
 - Level 1.7 Stealth
 + Level 3.8 Spellcasting
 + Level 5.2 Conjurations


You had 10 spell levels left.
You knew the following spells:

 Your Spells              Type           Power        Failure   Level
a - Magic Dart            Conj           100%         1%          1
b - Searing Ray           Conj           54%          1%          2

Your spell library contained the following spells:

 Spells                   Type           Power        Failure   Level
 Animate Skeleton         Necr           8%           12%         1
 Apportation              Tloc           8%           12%         1
 Corona                   Hex            4%           12%         1
 Summon Small Mammal      Summ           16%          12%         1
 Dazzling Flash           Conj/Hex       30%          12%         3
 Fulminant Prism          Conj/Hex       7%           36%         4
 Iskenderun's Mystic Bla  Conj/Tloc      15%          36%         4


Dungeon Overview and Level Annotations

Branches:
Dungeon (5/15)
 Temple: D:4-7

Annotations:
D:4 1 runed translucent door, mojasp's ghost, amateur TrDe


Innate Abilities, Weirdness & Mutations

You have an increased reservoir of magic. (+10% MP)


Message History

The centaur is severely wounded.
The centaur barely misses you.
The searing ray hits the centaur!
You kill the centaur!
The gnoll sergeant misses you.
A gnoll comes into view. It is wielding a +0 halberd.
The gnoll barely misses you.
A gnoll comes into view. It is wielding a +0 halberd.
The gnoll hits you with a +0 whip.
* * * LOW HITPOINT WARNING * * *
You see here an arrow.
You see here an adder corpse.
Items here: ( ) [[.
Things that are here:
a +0 falchion; an orc corpse
Items here: )) [ ††.
An ogre comes into view. It is wielding a +0 giant club.
The ogre moves out of view.
The ogre hits you with a +0 giant club!!
You die...

############ #..........#
#..........# #..........#
####..........# ..
#...........[.## ##.
....##<..@O......## ..
...................##.## .
#######.......g..#......#..
#######.....##.##....
####...........
###.......(....c.
#######.g.###..###.#...
#........## #.#### # #
##..####.### #....#...


You could see an ogre and a gnoll sergeant.

Vanquished Creatures
  Grinder (D:3)
  2 centaurs (D:5)
  A big kobold (D:4)
  A scorpion (D:4)
  A jelly (D:5)
  A bullfrog skeleton (D:4)
  5 orc wizards
  A centaur skeleton (D:5)
  Natasha (twice) (D:2)
  2 worker ants (D:4)
  A worker ant zombie (D:5)
  3 gnolls (D:3)
  5 adders
  2 shadow imps (D:5)
  An ooze (D:2)
  An adder skeleton (D:4)
  A worm (D:2)
  2 dart slugs (D:1)
  3 leopard geckos
  8 orcs
  6 bats
  5 giant cockroaches
  6 goblins
  7 hobgoblins
  8 jackals
  26 kobolds
  3 frilled lizards
  6 rats
111 creatures vanquished.

Vanquished Creatures (others)
  13 plants
13 creatures vanquished.

Grand Total: 124 creatures vanquished

Notes
Turn   | Place    | Note
-------+----------+-------------------------------------------
     0 | D:1      | DasRunzen the Demigod Conjurer began the quest for the Orb.
     0 | D:1      | Reached XP level 1. HP: 14/14 MP: 5/5
   202 | D:1      | Reached XP level 2. HP: 22/22 MP: 2/7
   205 | D:1      | Learned a level 2 spell: Searing Ray
   481 | D:1      | Found an iron altar of Okawaru.
   968 | D:2      | Reached XP level 3. HP: 27/27 MP: 8/8
   988 | D:2      | Reached skill level 1 in Fighting
  1036 | D:2      | Reached skill level 1 in Armour
  1654 | D:2      | Noticed Natasha
  1657 | D:2      | Killed Natasha
  1658 | D:2      | Reached skill level 4 in Conjurations
  1658 | D:2      | Reached XP level 4. HP: 35/35 MP: 6/10
  1759 | D:2      | Noticed Natasha
  1768 | D:2      | Killed Natasha
  1889 | D:3      | Noticed Grinder
  1900 | D:3      | Paralysed by Grinder for 4 turns
  1907 | D:3      | Killed Grinder
  1908 | D:3      | Reached XP level 5. HP: 16/41 MP: 1/12
  1908 | D:3      | Reached XP level 6. HP: 19/48 MP: 1/13
  2102 | D:3      | Found a faded altar of an unknown god.
  2333 | D:3      | Found a stormy altar of Qazlal.
  2336 | D:3      | Noticed a water elemental
  2337 | D:3      | Noticed an air elemental
  2337 | D:3      | Noticed a fire elemental
  3556 | D:4      | Found a shimmering altar of Xom.
  3562 | D:4      | Found a sparkling altar of Nemelex Xobeh.
  3565 | D:4      | Found a snail-covered altar of Cheibriados.
  3605 | D:4      | Found a runed translucent door.
  3605 | D:4      | Noticed mojasp's ghost (amateur TrDe)
  3693 | D:4      | Reached XP level 7. HP: 44/57 MP: 3/15
  4226 | D:5      | Entered Level 5 of the Dungeon
  4267 | D:5      | Reached skill level 5 in Conjurations
  4677 | D:5      | Mangled by an ogre

Illustrated notes

Levels and vault maps discovered:
D:1:      minmay_arrival_loop, layout_rooms, nrook_uturn,
          okawaru_ov_weapons_minmay
D:2:      layout_loops_ring, uniq_natasha
D:3:      layout_basic, nicolae_qazlal_style_of_elements,
          chequers_ecumenical_altar_simple, serial_bayou_ford_a, uniq_grinder
D:4:      kennysheep_kobold_camp, layout_basic,
          minmay_overflow_temple_star_quad, ebering_ghost_reflecting_pool,
          st_stairs_5
D:5:      layout_rooms, minmay_misc_feat_more_columns, lightli_minifort,
          uniq_blork_the_orc

Skill      XL: |  1  2  3  4  5  6  7 |
---------------+----------------------+-----
Dodging        | 2 3 4 |  4.1
Spellcasting   | 2 3 |  3.8
Fighting       | 1 2 3 |  3.5
Armour         | 1 2 3 |  3.4
Conjurations   | 4 5 |  5.2
Stealth        | |  1.7

Action                   |  1- 3 |  4- 6 |  7- 9 || total
-------------------------+-------+-------+-------++-------
Melee: Spear             |    53 |    57 |    41 ||   151
       Unarmed           |     1 |       |       ||     1
 Cast: Magic Dart        |    45 |     6 |     6 ||    57
       Searing Ray       |     3 |    16 |     6 ||    25
  Use: Scroll            |     1 |    12 |       ||    13
 Stab: Sleeping          |     5 |       |       ||     5
       Distracted        |       |       |     1 ||     1
Armor: Robe              |     6 |    25 |    13 ||    44
Dodge: Dodged            |    32 |    58 |    38 ||   128
